 Dungeon Crawl Stone Soup version 0.30-a0-404-g0b3c3f4973 (webtiles) character file.

Game seed: 15947322787255900188

5 jt the Sneak (level 1, 0/18 HPs)
             Began as a Demonspawn Delver on Dec 7, 2022.
             Succumbed to an adder's poison
             ... on level 4 of the Dungeon.
             The game lasted 00:01:39 (182 turns).

jt the Sneak (Demonspawn Delver)                     Turns: 182, Time: 00:01:39

Health: 0/18       AC: 10    Str: 12    XL:     1   Next: 66%
Magic:  1/1        EV: 11    Int: 11    God:
Gold:   20         SH:  0    Dex: 14    Spells: 0/0 levels left

rFire   . . .      SeeInvis .    a - +0 hand axe (protect)
rCold   . . .      Faith    .    (no shield)
rNeg    . . .      Spirit   .    b - +0 leather armour
rPois   .          Reflect  .    (no helmet)
rElec   .          Harm     .    (no cloak)
rCorr   +          Rampage  .    (no gloves)
Will    .....                    (no boots)
Stlth   +.........               (no amulet)
HPRegen 0.23/turn                h - ring of resist corrosion
MPRegen 0.07/turn                (no ring)

@: lethally poisoned (0 -> -5), under a protective aura, very slow
A: no striking features
a: no special abilities


You were on level 4 of the Dungeon.
You visited 1 branch of the dungeon, and saw 2 of its levels.

You collected 20 gold pieces.

Inventory:

Hand Weapons
 a - a +0 hand axe of protection (weapon)
Armour
 b - a +0 leather armour (worn)
Jewellery
 d - a +6 ring of dexterity
 h - a ring of resist corrosion (left hand)
Wands
 g - a wand of digging (3)
Scrolls
 c - a scroll of fog


   Skills:
 - Level 3.0 Fighting
 + Level 2.2 Axes
 - Level 1.7 Dodging
 - Level 4.5 Stealth


You couldn't memorise any spells.
You didn't know any spells.
Your spell library was empty.

Dungeon Overview and Level Annotations

Branches:
Dungeon (5/15)             Temple (0/1) D:4

Altars:

Portals:
Sewer: D:4


Message History

The adder bites you but does no damage. The adder misses you.
The hound splashes around in the water.
Unknown command.
You miss the adder.
The adder is almost dead.
You miss the hound. The hound bites you but does no damage.
The adder barely misses you.
Your unstable footing causes you to fumble your attack.
The hound bites you but does no damage. The adder barely misses you.
The hound bites you but does no damage. The adder bites you.
* * * LOW HITPOINT WARNING * * *
You completely miss the adder.
The adder is almost dead.
You barely miss the hound. The hound barely misses you.
The adder closely misses you. The hound closely misses you.
Your unstable footing causes you to fumble your attack.
The hound bites you.
* * * LOW HITPOINT WARNING * * *
The adder barely misses you. x2; The hound splashes around in the water.
Unknown command.
You miss the adder.
The adder is almost dead.
You closely miss the hound. The hound barely misses you. The adder bites you.
* * * LOW HITPOINT WARNING * * *
You are lethally poisoned!
The adder poisons you!
Unknown command.
You hit the adder but do no damage.
Your weapon exudes an aura of protection.
The adder is almost dead.
You closely miss the hound.
You hear the slow rusting of a drain.
* * * LOW HITPOINT WARNING * * *
You feel sick. The hound barely misses you.
The adder bites you but does no damage. The hound closely misses you.
The adder bites you but does no damage.
You closely miss the adder.
The adder is almost dead.
You hit the hound.
You die...

*,***,,,******
****###..#..*..,,**
**,#,*......##.##..*
*,,..,,.....#..#..###
*,,,..##......#......
*,,,,,........#....*#
**,****#...##....#**#
##########...#....#*
##
#~∩~~S@hs~.......#*
#. ##########.......#
#. #.......#####.
###..##.#.....
###.#.......
#.........##
##.......###
#..........
#####......


You could see a scorpion, a hound and an adder.

Vanquished Creatures
  An ufetubus (D:4)
1 creature vanquished.

Notes
Turn   | Place    | Note
-------+----------+-------------------------------------------
     0 | D:5      | jt the Demonspawn Delver began the quest for the Orb.
     0 | D:5      | Reached XP level 1. HP: 18/18 MP: 1/1
    84 | D:4      | Noticed a howler monkey
    93 | D:4      | Noticed an iguana
    98 | D:4      | Found a staircase to the Ecumenical Temple.
   112 | D:4      | Noticed a scorpion
   135 | D:4      | Noticed a hound
   158 | D:4      | Found a glowing drain.
   182 | D:4      | Succumbed to an adder's poison

Illustrated notes

Levels and vault maps discovered:
D:4:      layout_cave_pools, lemuel_round_altar, temple_pool_b,
          portal_sewer_entry_d
D:5:      layout_basic, serial_shops, shop, shop, kennysheep_generic_room_9,
          uniq_eustachio

Skill      XL: |  1 |
---------------+----+-----
Axes           | 2 |  2.2
Fighting       | |  3.0
Dodging        | |  1.7
Stealth        | |  4.5

Action                   || total
-------------------------++-------
Melee: Hand axe          ||    19
  Use: Scroll            ||     4
       Potion            ||     2
Armor: Leather armour    ||    25
Dodge: Dodged            ||    38

Table legend: (Time is in decaauts)
 A = Elapsed time spent in this place.
 B = Non-inter-level travel time spent in this place.
 C = Inter-level travel time spent in this place.
 D = Time resting spent in this place.
 E = Time spent auto-exploring this place.
 F = Levels seen in this place.
 G = Mean time per level.
                   A        B        C        D        E       F      G
               +--------+--------+--------+--------+--------+-----+--------+
         Total |    173 |    173 |      0 |      0 |      0 |   2 |   86.5 |
       Dungeon |    173 |    173 |      0 |      0 |      0 |   2 |   86.5 |
               +--------+--------+--------+--------+--------+-----+--------+

Top non-repeatable levels by time:
     D:4: 100 daAuts
     D:5: 72 daAuts
